 Dungeon Crawl Stone Soup version 0.32-a0-558-g233958a4c4 (webtiles) character file.

Game seed: 6104095508438472767

76 Dirtsage the Shooter (level 4, -4/33 HPs)
             Began as a Coglin Hunter on Mar 1, 2024.
             Slain by a ribbon worm (8 damage)
             ... on level 3 of the Dungeon.
             The game lasted 00:04:44 (1999 turns).

Dirtsage the Shooter (Coglin Hunter)                Turns: 1999, Time: 00:04:44

Health: -4/33      AC:  3    Str: 12    XL:     4   Next: 32%
Magic:  4/4        EV: 12    Int:  8    God:
Gold:   7          SH:  0    Dex: 19    Spells: 3/3 levels left

rFire   . . .        a - +0 shortbow {Rafael}
rCold   . . .        (shield currently unavailable)
rNeg    . . .        c - +0 leather armour
rPois   .            (no helmet)
rElec   .            (no cloak)
rCorr   .            (no gloves)
SInv    .            (no boots)
Will    .....        (amulet unavailable)
Stlth   ++           (ring unavailable)
HPRegen 0.25/turn    (ring unavailable)
MPRegen 0.09/turn    (no gizmo)

%: no passive effects
@: revved
A: off-hand wielding, slow wielding, warmup strikes, no jewelry
a: Invent Gizmo


You were on level 3 of the Dungeon.
You visited 1 branch of the dungeon, and saw 3 of its levels.

You collected 62 gold pieces.
You spent 55 gold pieces at shops.

Inventory:

Hand Weapons
 a - a +0 shortbow (weapon) {Rafael}
Armour
 c - a +0 leather armour (worn)
Magical Staves
 g - a staff of earth
Scrolls
 b - a scroll of butterflies
 h - a scroll of fog
 i - a scroll of acquirement {unknown}
 j - a scroll of revelation
 t - a scroll of teleportation
Potions
 d - 2 potions of heal wounds {unknown}
 e - a potion of mutation
 f - a potion of lignification {unknown}
 k - 2 potions of brilliance {unknown}


   Skills:
 - Level 2.0 Fighting
 + Level 5.1 Ranged Weapons
 - Level 1.8 Dodging
 - Level 0.8 Stealth


You had 3 spell levels left.
You didn't know any spells.
Your spell library was empty.

Dungeon Overview and Level Annotations

Branches:
Dungeon (3/15)

Altars:

Shops:
D:2 ?


Innate Abilities, Weirdness & Mutations

You can wield a second weapon in your off-hand.
It takes a long time for you to wield or remove held weapons.
Your first few attacks do less damage.
You cannot equip rings or amulets.


Message History

You shoot an arrow.
The arrow completely misses the ribbon worm.
The arrow hits the quokka!
You kill the quokka!
The ribbon worm bites you.
You take 3 damage, and have 13/33 hp.
You shoot an arrow. The arrow hits the ribbon worm.
The ribbon worm is heavily wounded.
The ribbon worm bites you.
* * * LOW HITPOINT WARNING * * *
You take 5 damage, and have 8/33 hp.
You shoot an arrow.
The arrow barely misses the ribbon worm.
The ribbon worm closely misses you.
You shoot an arrow. The arrow hits the ribbon worm.
The ribbon worm is heavily wounded.
The ribbon worm bites you but does no damage.
You shoot an arrow. The arrow hits the ribbon worm.
The ribbon worm is almost dead.
The ribbon worm expels a string of sticky webbing.
The stream of webbing hits you but does no damage.
You are caught in a web!
The web tears apart.
You shoot an arrow.
The arrow hits the ribbon worm but does no damage.
The ribbon worm is severely wounded.
The ribbon worm bites you.
* * * LOW HITPOINT WARNING * * *
You take 5 damage, and have 4/33 hp.
You shoot an arrow.
The arrow barely misses the ribbon worm.
The ribbon worm expels a string of sticky webbing.
The stream of webbing misses you.
You shoot an arrow. The arrow hits the ribbon worm.
The ribbon worm is almost dead.
The ribbon worm expels a string of sticky webbing.
The stream of webbing hits you but does no damage.
You are caught in a web!
The web tears apart.
The ribbon worm bites you!
You die...

#... ... . ..#
.# # # #.. ...
#$# .#.. ....
#.w##..#.....
#..†....... #w#
#@# ###########
#.# #.........#
#.# ##.#####.##
#.# #.# #<#.#
#.# #.# #.#.#
#.# #.# #.#.#
#.# #)###.#.#
#.# #.....#.#
#.############.#


You could see a ribbon worm (catching breath).

Vanquished Creatures
  3 adders
  A ribbon worm (D:2)
  5 endoplasms
  2 giant cockroaches (D:2)
  5 goblins
  3 hobgoblins
  7 kobolds
  5 quokkas
  2 ball pythons
  4 bats
  4 frilled lizards
  4 rats
45 creatures vanquished.

Notes
Turn   | Place    | Note
-------+----------+-------------------------------------------
     0 | D:1      | Dirtsage the Coglin Hunter began the quest for the Orb.
     0 | D:1      | Reached XP level 1. HP: 16/16 MP: 1/1
   244 | D:1      | Reached XP level 2. HP: 22/22 MP: 2/2
   266 | D:1      | Reached skill level 4 in Ranged Weapons
  1105 | D:2      | Reached XP level 3. HP: 8/27 MP: 3/3
  1455 | D:2      | Found Soenadwo's Magic Scroll Shop.
  1462 | D:2      | Reached XP level 4. HP: 33/33 MP: 4/4
  1473 | D:2      | Reached skill level 5 in Ranged Weapons
  1477 | D:2      | Bought a scroll of identify for 22 gold pieces
  1477 | D:2      | Bought a scroll of teleportation for 33 gold pieces
  1999 | D:3      | Slain by a ribbon worm

Illustrated notes

Levels and vault maps discovered:
D:1:      minmay_arrival_checkered_box, layout_basic
D:2:      layout_basic, serial_shops, shop, grunt_ministairs_3
D:3:      layout_basic, okawaru_metal_pillars_3, zin_scriptorium, serial_shops,
          nicolae_shop_window_shopping, minmay_increasing_density, uniq_jessica,
          uniq_ijyb

Skill      XL: |  1  2  3  4 |
---------------+-------------+-----
Ranged Weapons | 4 5 |  5.1
Fighting       | |  2.0
Dodging        | |  1.8
Stealth        | |  0.8

Action                     |  1- 3 |  4- 6 || total
---------------------------+-------+-------++-------
   Fire: Shortbow          |   113 |    44 ||   157
    Use: Scroll            |       |     3 ||     3
 Armour: Leather armour    |    16 |    24 ||    40
  Dodge: Dodged            |    21 |    16 ||    37

Table legend: (Time is in decaauts)
 A = Elapsed time spent in this place.
 B = Non-inter-level travel time spent in this place.
 C = Inter-level travel time spent in this place.
 D = Time resting spent in this place.
 E = Time spent auto-exploring this place.
 F = Levels seen in this place.
 G = Mean time per level.
                   A        B        C        D        E       F      G
               +--------+--------+--------+--------+--------+-----+--------+
         Total |   2033 |   1967 |     66 |      0 |   1709 |   3 |  677.7 |
       Dungeon |   2033 |   1967 |     66 |      0 |   1709 |   3 |  677.7 |
               +--------+--------+--------+--------+--------+-----+--------+

Top non-repeatable levels by time:
     D:1: 1041 daAuts
     D:2: 895 daAuts
     D:3: 96 daAuts
